 Dungeon Crawl Stone Soup version 0.19.1-1-g22dce08 (webtiles) character file.

298 terep12 the Slasher (level 6, 0/37 HPs)
             Began as a Gargoyle Berserker on Jan 10, 2017.
             Was a Believer of Trog.
             Slain by an ogre
             ... wielding a +0 giant spiked club
              (14 damage)
             ... on level 4 of the Dungeon.
             The game lasted 00:12:17 (3429 turns).

terep12 the Slasher (Gargoyle Berserker)            Turns: 3429, Time: 00:12:18

Health: 0/37       AC: 16    Str: 22    XL:     6   Next: 35%
Magic:  6/6        EV:  8    Int: 11    God:    Trog [**....]
Gold:   95         SH:  0    Dex:  9    Spells: 0 memorised, 5 levels left

rFire  + . .     SeeInvis .     a - +0 falchion
rCold  . . .     Gourm    .     z - +3 chain mail of the Undertaker {*Contam rPois Int+3}
rNeg   + . .     Faith    .     (no shield)
rPois  ∞         Spirit   .     (no helmet)
rElec  +         Reflect  .     (no cloak)
rCorr  .         Harm     .     (no gloves)
MR     .....                    (no boots)
Stlth  ..........               x - amulet of inaccuracy (curse)
                                v - ring of protection from fire
                                h - ring of flight

@: exhausted, starving, slowed, very slow
A: negative energy resistance 1, electricity resistance, unbreathing,
petrification resistance, rot immunity, AC +4
a: Berserk, Trog's Hand, Burn Spellbooks, Renounce Religion, Evoke Flight


You were on level 4 of the Dungeon.
You worshipped Trog.
Trog was pleased with you.
You were starving.

You visited 1 branch of the dungeon, and saw 4 of its levels.

You collected 95 gold pieces.

Inventory:

Hand Weapons
 a - a +0 falchion (weapon)
Armour
 b - a +0 animal skin
 y - a +0 ring mail
 z - the +3 chain mail of the Undertaker (worn) {*Contam rPois Int+3}
   (You found it on level 4 of the Dungeon)

   It affects your intelligence (+3).
   It protects you from poison.
   It causes magical contamination when unequipped.
Jewellery
 h - a ring of flight (left hand)
 s - an uncursed ring of magical power
 v - a ring of protection from fire (right hand)
 x - a cursed amulet of inaccuracy (around neck)
Scrolls
 d - a scroll of amnesia {unknown}
 f - a scroll of blinking {unknown}
 i - 2 scrolls of noise {unknown}
 j - a scroll of random uselessness {unknown}
 l - a scroll of teleportation {unknown}
 m - a scroll of enchant weapon {unknown}
 n - 2 scrolls of fog {unknown}
 p - 2 scrolls of identify {unknown}
Potions
 e - a potion of curing {unknown}
 g - a potion of mutation {unknown}
 k - 2 potions of cancellation {unknown}
 q - 2 potions of agility {unknown}
 r - a potion of resistance {unknown}
 t - a potion of magic {unknown}
 u - a potion of flight {unknown}
 A - a potion of ambrosia {unknown}
Comestibles
 c - 5 bread rations
 o - a meat ration
 w - a beef jerky


   Skills:
 - Level 3.4 Fighting
 + Level 6.2 Long Blades
 - Level 2.1 Armour
 - Level 1.5 Dodging


You had 5 spell levels left.
You didn't know any spells.

Dungeon Overview and Level Annotations

Branches:
Dungeon (4/15)
 Temple: D:4-7

Altars:
Nemelex Xobeh


Innate Abilities, Weirdness & Mutations

You are resistant to torment.
Your stone body is resilient. (AC +4)
You are immune to poison.
You resist negative energy. (rN+)
You are resistant to electric shocks. (rElec)
You can survive without breathing.
You are immune to petrification.
You are immune to rotting.


Message History

The ogre is severely wounded.
You barely miss the ogre.
The ogre is severely wounded.
The ogre barely misses you.
You closely miss the ogre.
The ogre is severely wounded.
Your chain mail of the Undertaker prevents you from hitting the ogre.
The ogre is severely wounded.
The ogre closely misses you.
You hit the ogre.
The ogre is severely wounded.
You hit the ogre but do no damage.
The ogre is severely wounded.
You are no longer berserk.
You are exhausted.
You feel yourself slow down. The ogre barely misses you.
Your chain mail of the Undertaker prevents you from hitting the ogre.
The ogre is severely wounded.
The ogre hits you with a giant spiked club!
You die...

.#.....####.#.#
.........##.#.######
...................#
....####.#.##.....[#
.#### #.#.........#
.# #.####......#####
.. #................
... #######.#.######
.... #.#@# ... #.#O#
#.#.# #.#.# #.#.#
#.#.. #>#.# #..


You could see an ogre.

Vanquished Creatures
  A howler monkey (D:4)
  2 orc priests (D:3)
  An orc wizard (D:3)
  2 worker ants (D:3)
  2 adders
  A shadow imp (D:3)
  An ooze (D:2)
  A worm (D:2)
  4 dart slugs
  2 leopard geckos (D:1)
  5 orcs (D:3)
  A ball python (D:3)
  8 bats
  9 giant cockroaches
  4 goblins
  7 hobgoblins
  8 jackals
  6 kobolds
  2 frilled lizards (D:2)
  8 rats
75 creatures vanquished.

Notes
Turn   | Place    | Note
-------+----------+-------------------------------------------
     0 | D:1      | terep12 the Gargoyle Berserker began the quest for the Orb.
     0 | D:1      | Reached XP level 1. HP: 14/14 MP: 1/1
   147 | D:1      | Reached skill level 3 in Long Blades
   157 | D:1      | Reached XP level 2. HP: 16/19 MP: 2/2
   796 | D:2      | Reached XP level 3. HP: 20/23 MP: 3/3
  1018 | D:2      | Reached skill level 4 in Long Blades
  1253 | D:2      | Reached XP level 4. HP: 17/28 MP: 4/4
  1297 | D:2      | Reached ** piety under Trog
  1993 | D:3      | Reached skill level 5 in Long Blades
  1993 | D:3      | Reached XP level 5. HP: 32/32 MP: 5/5
  2846 | D:3      | Reached skill level 6 in Long Blades
  2846 | D:3      | Reached XP level 6. HP: 37/37 MP: 6/6
  3161 | D:4      | Found a sparkling altar of Nemelex Xobeh.
  3174 | D:4      | Got a dazzling chain mail
  3185 | D:4      | Identified the +3 chain mail of the Undertaker {*Contam rPois Int+3} (You found it on level 4 of the Dungeon)
  3429 | D:4      | Slain by an ogre

Skill      XL: |  1  2  3  4  5 |
---------------+----------------+-----
Long Blades    | 3 4 5 6 |  6.2
Fighting       | |  3.4
Armour         | |  2.1
Dodging        | |  1.5

Action                   |  1- 3 |  4- 6 || total
-------------------------+-------+-------++-------
Melee: Falchion          |   139 |   153 ||   292
Invok: Berserk           |     1 |     5 ||     6
 Abil: Evoke Flight      |       |     2 ||     2
 Stab: Sleeping          |     1 |       ||     1
  Eat: Chunk             |     2 |    10 ||    12
Armor: Animal skin       |    56 |    38 ||    94
       Ring mail         |       |    10 ||    10
       Chain mail        |       |     5 ||     5
Dodge: Dodged            |   116 |   104 ||   220
       Rpst.: Falchion   |    30 |    40 ||    70
